Penguins vs Bruins
Created - April 3, 2025 at 22:06
Goals
|
| Penguins |
2 |
1 |
2 |
5 |
| Bruins |
0 |
1 |
0 |
1 |
|
Shots
|
| Penguins |
15 |
12 |
13 |
40 |
| Bruins |
10 |
10 |
19 |
39 |
|
1st period
1. Penguins , Jakub Voracek 21 (John Tavares 44) at 13:42 (PP)
2. Penguins , Mark Scheifele 30 (Pavel Zacha 21, Keith Aulie 11) at 15:50
Penalties :
Alexander Wennberg (Bos) for Holding (Minor) at 0:19, Gabriel Landeskog (Bos) for Tripping (Minor) at 8:14, Alexander Wennberg (Bos) for Diving (Minor) at 12:50, Nick Blankenburg (Pit) for Tripping (Minor) at 16:55
2nd period
3. Bruins , Gabriel Landeskog 34 (Jason Demers 30, Alexander Wennberg 39) at 12:54
4. Penguins , Sebastian Aho 20 (Mark Scheifele 39) at 13:30
Penalties :
Gavin Bayreuther (Pit) for Holding (Minor) at 7:18, David Backes (Bos) for Hooking (Minor) at 7:46, Mark Scheifele (Pit) for High sticking (Minor) at 13:51, Adam Pelech (Bos) for Slashing (Minor) at 16:50, Zack Kassian (Bos) for Interference (Minor) at 19:33
3rd period
5. Penguins , Mark Scheifele 31 (Sebastian Aho 28) at 2:54
6. Penguins , Mathew Barzal 7 (Iven Barbashev 3, Sam Gagner 14) at 17:04
Penalties :
Kirill Kaprizov (Pit) for Interference (Minor) at 3:16, Pavel Zacha (Pit) for Roughing (Minor) at 6:18
Goalie Stats
Jeremy Swayman (Pit), 38 saves from 39 shots - (0.974), W, 23-9-6, 60:00 minutes
Kevin Poulin (Bos), 35 saves from 40 shots - (0.875), L, 26-23-10, 60:00 minutes
Players Stats for Penguins
Player Name G A P +/- PIM S H SB GA TA FO MP PP MP PK MP
------------------------------------------------------------------------------------
Adam Fox 0 0 0 1 0 1 1 0 1 1 0/0 25:55 5:52 3:10
Brandon Tanev 0 0 0 0 0 2 0 1 0 0 0/0 10:46 0:00 2:22
Gavin Bayreuther 0 0 0 0 2 1 1 0 1 0 0/0 13:19 0:10 0:00
Iven Barbashev 0 1 1 1 0 2 3 1 0 0 1/1 9:22 0:13 1:46
Jakub Voracek 1 0 1 -1 0 3 1 0 2 1 0/1 18:15 4:59 0:00
John Tavares 0 1 1 -1 0 3 2 0 2 1 14/26 21:28 4:59 3:13
Keith Aulie 0 1 1 2 0 2 0 0 1 0 0/0 20:55 3:24 5:14
Kirill Kaprizov 0 0 0 -1 2 3 1 0 0 0 2/4 17:28 4:59 0:00
Marcus Foligno 0 0 0 0 0 2 2 0 0 1 0/0 13:13 0:00 4:43
Mark Scheifele 2 1 3 3 2 5 1 0 1 0 0/1 16:59 4:04 0:00
Mathew Barzal 1 0 1 1 0 2 0 1 0 0 0/0 7:12 0:03 0:00
Max Reinhart 0 0 0 0 0 0 0 3 0 1 4/9 13:49 0:13 4:44
Nick Blankenburg 0 0 0 0 2 2 1 0 0 0 0/0 13:09 0:00 0:00
Nick Leddy 0 0 0 2 0 3 1 0 0 0 0/0 18:56 3:24 3:10
Oscar Klefbom 0 0 0 1 0 0 0 1 0 1 0/0 27:54 5:52 5:14
Pavel Zacha 0 1 1 3 2 3 3 0 0 0 0/0 16:48 4:04 0:00
Sam Gagner 0 1 1 1 0 3 0 0 0 0 0/0 7:17 0:00 0:00
Sebastian Aho 1 1 2 3 0 3 3 1 0 1 11/18 17:15 4:04 0:00
Players Stats for Bruins
Player Name G A P +/- PIM S H SB GA TA FO MP PP MP PK MP
------------------------------------------------------------------------------------
Adam Pelech 0 0 0 -1 2 1 2 4 0 1 0/0 13:07 0:00 0:00
Alexander Wennberg 0 1 1 0 4 3 0 0 1 2 8/18 18:37 3:39 1:23
Andreas Athanasiou 0 0 0 -1 0 1 1 0 1 1 0/1 13:11 0:00 2:08
Brett Pesce 0 0 0 -1 0 1 0 1 0 2 0/0 12:52 0:00 0:00
Casey Cizikas 0 0 0 -1 0 2 0 0 0 0 3/5 10:43 0:00 0:00
David Backes 0 0 0 -1 2 2 2 1 0 0 0/1 13:33 3:38 0:00
Eric Wellwood 0 0 0 -1 0 2 0 2 0 0 0/0 13:06 0:00 1:46
Gabriel Landeskog 1 0 1 0 2 10 2 2 0 0 7/12 23:26 4:45 3:56
Jason Demers 0 1 1 -1 0 4 0 1 0 0 0/0 27:43 5:02 5:49
John Quenneville 0 0 0 -1 0 1 0 0 0 0 2/4 6:14 0:00 0:00
Jonathan Toews 0 0 0 -1 0 1 2 0 1 0 6/16 17:27 4:45 2:47
Josh Manson 0 0 0 -1 0 2 1 0 0 0 0/0 19:25 3:22 3:27
Madison Bowey 0 0 0 -1 0 4 2 3 1 0 0/0 27:43 5:02 5:49
Torey Krug 0 0 0 -1 0 0 3 3 0 1 0/0 19:25 3:22 3:27
Walker Duehr 0 0 0 -1 0 0 0 0 0 1 0/0 6:14 0:00 0:00
Wojtek Wolski 0 0 0 -1 0 1 3 0 1 0 0/0 17:22 3:39 3:00
Zack Kassian 0 0 0 0 2 3 2 0 2 0 2/3 22:45 4:45 3:32
Zemgus Girgensons 0 0 0 -1 0 1 0 1 0 0 0/0 6:14 0:00 0:00
3 Stars
1 - Mark Scheifele (Pit)
2 - Jeremy Swayman (Pit)
3 - Sebastian Aho (Pit)
Power Play
Penguins - 1 on 6 Attempt(s) - 16.67%
Bruins - 0 on 5 Attempt(s) - 0.00%
Penalty Kill
Penguins - 5 on 5 Attempt(s) - 100.00%
- Score 0 goal in Penalty Kill
Bruins - 5 on 6 Attempt(s) - 83.33%
- Score 0 goal in Penalty Kill
Team Stat
Penguins - Hits : 20 - Faceoff Wins : 32 - Blocked Shots : 8 - Penalty Minutes : 10
Bruins - Hits : 20 - Faceoff Wins : 28 - Blocked Shots : 18 - Penalty Minutes : 12
Official
Referees : Dan O'Rourke and Kevin Pollock
Linesman : Pierre Racicot and Kiel Murchison
Game Notes
No Game Note
Finance
Level 1 -- Attendance: 5297 (88.28%) -- Ticket Income $529,700
Level 2 -- Attendance: 4613 (92.26%) -- Ticket Income $322,910
Level 3 -- Attendance: 2000 (100.00%) -- Ticket Income $80,000
Level 4 -- Attendance: 4000 (100.00%) -- Ticket Income $120,000
Luxury Box -- Attendance: 892 (89.20%) -- Ticket Income $178,400
Game was played at the TD Garden.
Total Attendance: 16802 (93.34%)
Total Ticket Income: $1,231,010
Other Income: $184,652
Total Income: $1,415,662
Penguins
5 vs 5 Forward
Center Left Wing Right Wing Time % Phy DF OF
1 John Tavares Kirill Kaprizov Jakub Voracek 40 1 2 2
2 Sebastian Aho Pavel Zacha Mark Scheifele 30 1 2 2
3 Max Reinhart Marcus Foligno Brandon Tanev 20 1 2 2
4 Sam Gagner Iven Barbashev Mathew Barzal 10 1 2 2
5 vs 5 Defense
Defense Defense Time % Phy DF OF
1 Oscar Klefbom Adam Fox 45 1 2 2
2 Keith Aulie Nick Leddy 35 1 2 2
3 Gavin Bayreuther Nick Blankenburg 20 1 2 2
4 Oscar Klefbom Keith Aulie 0 1 2 2
PowerPlay Forward
Center Left Wing Right Wing Time % Phy DF OF
1 John Tavares Kirill Kaprizov Jakub Voracek 60 0 2 3
2 Sebastian Aho Pavel Zacha Mark Scheifele 40 0 2 3
PowerPlay Defense
Defense Defense Time % Phy DF OF
1 Oscar Klefbom Adam Fox 60 0 2 3
2 Keith Aulie Nick Leddy 40 0 2 3
Penalty Kill 4 Players Forward
Center Wing Time % Phy DF OF
1 Max Reinhart Marcus Foligno 60 1 3 1
2 John Tavares Brandon Tanev 40 1 3 1
Penalty Kill 4 Players Defense
Defense Defense Time % Phy DF OF
1 Oscar Klefbom Keith Aulie 60 1 3 1
2 Adam Fox Nick Leddy 40 1 3 1
Penalty Kill - 3 Players Forward
Forward Time % Phy DF OF
1 Max Reinhart 60 1 3 1
2 John Tavares 40 1 3 1
Penalty Kill - 3 Players Defense
Defense Defense Time % Phy DF OF
1 Oscar Klefbom Keith Aulie 60 1 3 1
2 Adam Fox Nick Leddy 40 1 3 1
4 vs 4 Forward
Center Wing Time % Phy DF OF
1 John Tavares Jakub Voracek 60 1 2 2
2 Sebastian Aho Mark Scheifele 40 1 2 2
4 vs 4 Defense
Defense Defense Time % Phy DF OF
1 Oscar Klefbom Adam Fox 60 1 2 2
2 Keith Aulie Nick Leddy 40 1 2 2
Last Minutes Offensive
Center Left Wing Right Wing Defense Defense
John Tavares Kirill Kaprizov Jakub Voracek Oscar Klefbom Adam Fox
Last Minutes Defensive
Center Left Wing Right Wing Defense Defense
John Tavares Marcus Foligno Mark Scheifele Oscar Klefbom Keith Aulie
Goaltenders
Starting : Jeremy Swayman
Backup : Ondrej Pavelec
Extra Forwards
Normal : John Tavares, Sebastian Aho, Sam Gagner - PP : John Tavares, Sebastian Aho - PK : Brandon Tanev
Extra Defensemen
Normal : Oscar Klefbom, Keith Aulie, Nick Blankenburg - PP : Adam Fox - PK : Oscar Klefbom, Adam Fox
Penalty Shots
John Tavares, Mark Scheifele, Pavel Zacha, Sebastian Aho, Kirill Kaprizov
Custom OT Lines Forwards
John Tavares, Mark Scheifele, Jakub Voracek, Pavel Zacha, Sebastian Aho, Kirill Kaprizov, Sam Gagner, Mathew Barzal, Marcus Foligno, Brandon Tanev
Custom OT Lines Defensemen
Oscar Klefbom, Adam Fox, Keith Aulie, Nick Leddy, Gavin Bayreuther
Scratches
Colin Wilson (Healthy)
Bruins
5 vs 5 Forward
Center Left Wing Right Wing Time % Phy DF OF
1 Alexander Wennberg Gabriel Landeskog Zack Kassian 40 1 2 2
2 Jonathan Toews Wojtek Wolski David Backes 30 1 2 2
3 Casey Cizikas Eric Wellwood Andreas Athanasiou 20 1 2 2
4 John Quenneville Zemgus Girgensons Walker Duehr 10 1 2 2
5 vs 5 Defense
Defense Defense Time % Phy DF OF
1 Jason Demers Madison Bowey 40 1 2 2
2 Torey Krug Josh Manson 30 1 2 2
3 Adam Pelech Brett Pesce 20 1 2 2
4 Madison Bowey Jason Demers 10 1 2 2
PowerPlay Forward
Center Left Wing Right Wing Time % Phy DF OF
1 Jonathan Toews Gabriel Landeskog Zack Kassian 60 0 2 3
2 Alexander Wennberg Wojtek Wolski David Backes 40 0 2 3
PowerPlay Defense
Defense Defense Time % Phy DF OF
1 Jason Demers Madison Bowey 60 0 2 3
2 Torey Krug Josh Manson 40 1 2 2
Penalty Kill 4 Players Forward
Center Wing Time % Phy DF OF
1 Gabriel Landeskog Zack Kassian 60 0 3 2
2 Jonathan Toews Wojtek Wolski 40 0 3 2
Penalty Kill 4 Players Defense
Defense Defense Time % Phy DF OF
1 Jason Demers Madison Bowey 60 1 2 2
2 Torey Krug Josh Manson 40 1 2 2
Penalty Kill - 3 Players Forward
Forward Time % Phy DF OF
1 Gabriel Landeskog 60 0 3 2
2 Zack Kassian 40 0 3 2
Penalty Kill - 3 Players Defense
Defense Defense Time % Phy DF OF
1 Jason Demers Madison Bowey 60 0 4 1
2 Torey Krug Josh Manson 40 0 4 1
4 vs 4 Forward
Center Wing Time % Phy DF OF
1 Gabriel Landeskog Zack Kassian 60 1 2 2
2 Jonathan Toews Wojtek Wolski 40 1 2 2
4 vs 4 Defense
Defense Defense Time % Phy DF OF
1 Jason Demers Madison Bowey 60 1 2 2
2 Torey Krug Josh Manson 40 1 2 2
Last Minutes Offensive
Center Left Wing Right Wing Defense Defense
Jonathan Toews Gabriel Landeskog Zack Kassian Jason Demers Madison Bowey
Last Minutes Defensive
Center Left Wing Right Wing Defense Defense
Jonathan Toews Gabriel Landeskog Zack Kassian Jason Demers Madison Bowey
Goaltenders
Starting : Kevin Poulin
Backup : Tuukka Rask
Extra Forwards
Normal : Wojtek Wolski, Gabriel Landeskog, Andreas Athanasiou - PP : Zack Kassian, Casey Cizikas - PK : Andreas Athanasiou
Extra Defensemen
Normal : Torey Krug, Madison Bowey, Jason Demers - PP : Adam Pelech - PK : Torey Krug, Brett Pesce
Penalty Shots
Gabriel Landeskog, Zack Kassian, Jonathan Toews, Wojtek Wolski, Alexander Wennberg
Custom OT Lines Forwards
Gabriel Landeskog, Zack Kassian, Jonathan Toews, Wojtek Wolski, Alexander Wennberg, David Backes, Eric Wellwood, Casey Cizikas, Andreas Athanasiou, Zemgus Girgensons
Custom OT Lines Defensemen
Jason Demers, Madison Bowey, Torey Krug, Josh Manson, Adam Pelech
Scratches
Beau Bennett (Back Surgery Injury), Mattias Ekholm (Healthy)
% Time on Ice - Penguins
Lines # - Real PCT - Wanted PCT - Time Play
Normal Forward
1 - 31% - 40% - 12:46
2 - 31% - 30% - 12:44
3 - 21% - 20% - 8:24
4 - 17% - 10% - 6:55
Normal Defense
1 - 39% - 45% - 15:54
2 - 29% - 35% - 11:45
3 - 32% - 20% - 13:10
4 - 0% - 0% - 0:00
PP Forward
1 - 56% - 60% - 5:12
2 - 44% - 40% - 4:04
PP Defense
1 - 63% - 60% - 5:52
2 - 37% - 40% - 3:24
PK Forward
1 - 77% - 60% - 6:29
2 - 23% - 40% - 1:55
PK Defense
1 - 62% - 60% - 5:14
2 - 38% - 40% - 3:10
PK3 Forward
1 - 0% - 60%
2 - 0% - 40%
PK3 Defense
1 - 0% - 60%
2 - 0% - 40%
44 Forward
1 - 88% - 60% - 1:20
2 - 12% - 40% - 0:11
44 Defense
1 - 59% - 60% - 0:54
2 - 41% - 40% - 0:37
Last Minute Offensive - 0:00
Last Minute Defensive - 0:00
Total
Forward - 60:00
Defense - 60:00
|
% Time on Ice - Bruins
Lines # - Real PCT - Wanted PCT - Time Play
Normal Forward
1 - 34% - 40% - 13:53
2 - 24% - 30% - 9:59
3 - 26% - 20% - 10:43
4 - 15% - 10% - 6:14
Normal Defense
1 - 38% - 40% - 15:41
2 - 29% - 30% - 11:48
3 - 32% - 20% - 12:52
4 - 1% - 10% - 0:28
PP Forward
1 - 57% - 60% - 4:45
2 - 43% - 40% - 3:39
PP Defense
1 - 60% - 60% - 5:02
2 - 40% - 40% - 3:22
PK Forward
1 - 70% - 60% - 6:29
2 - 30% - 40% - 2:47
PK Defense
1 - 63% - 60% - 5:49
2 - 37% - 40% - 3:27
PK3 Forward
1 - 0% - 60%
2 - 0% - 40%
PK3 Defense
1 - 0% - 60%
2 - 0% - 40%
44 Forward
1 - 100% - 60% - 1:31
2 - 0% - 40% - 0:00
44 Defense
1 - 47% - 60% - 0:43
2 - 53% - 40% - 0:48
Last Minute Offensive - 0:00
Last Minute Defensive - 0:00
Total
Forward - 60:00
Defense - 60:00
|
Play-by-Play
1st period
0:01 of 1st period - Gabriel Landeskog wins face-off versus John Tavares in neutral zone.
0:08 of 1st period - Snap shot by Zack Kassian.
0:08 of 1st period - Deflect By Alexander Wennberg.
0:08 of 1st period - Stopped by Jeremy Swayman without a rebound.
0:09 of 1st period - Alexander Wennberg wins face-off versus John Tavares in Penguins zone.
0:19 of 1st period - Minor Penalty to Alexander Wennberg for Holding.
0:20 of 1st period - Gabriel Landeskog wins face-off versus Kirill Kaprizov in Bruins zone.
0:53 of 1st period - Wrist shot by Mark Scheifele.
0:53 of 1st period - Shot Misses the Net.
0:55 of 1st period - Snap shot by Mark Scheifele.
0:55 of 1st period - Shot Blocked by Madison Bowey.
0:57 of 1st period - Backhand shot by Nick Leddy.
0:57 of 1st period - Stopped by Kevin Poulin with a rebound.
1:57 of 1st period - Mark Scheifele is hit by Torey Krug and loses puck.
2:19 of 1st period - Penalty to Alexander Wennberg is over, Alexander Wennberg is back on ice.
3:18 of 1st period - Wrist shot by Casey Cizikas.
3:18 of 1st period - Stopped by Jeremy Swayman with a rebound.
3:20 of 1st period - Wrist shot by Eric Wellwood.
3:20 of 1st period - Shot Misses the Net.
3:57 of 1st period - Oscar Klefbom is hit by Jonathan Toews and loses puck.
4:04 of 1st period - Snap shot by Jonathan Toews.
4:04 of 1st period - Shot Misses the Net.
4:06 of 1st period - Snap shot by Jason Demers.
4:06 of 1st period - Shot Hit the Post.
4:34 of 1st period - Snap shot by Brandon Tanev.
4:34 of 1st period - Shot Misses the Net.
4:36 of 1st period - Snap shot by Nick Blankenburg.
4:36 of 1st period - Stopped by Kevin Poulin with a rebound.
5:10 of 1st period - David Backes is hit by Pavel Zacha and loses puck.
5:41 of 1st period - Walker Duehr is hit by Iven Barbashev and loses puck.
5:52 of 1st period - Wrist shot by Jakub Voracek.
5:52 of 1st period - Shot Blocked by Torey Krug.
5:58 of 1st period - John Tavares is hit by Torey Krug and loses puck.
6:10 of 1st period - Icing by Josh Manson.
6:11 of 1st period - Sebastian Aho wins face-off versus Jonathan Toews in Bruins zone.
6:26 of 1st period - Mark Scheifele is hit by Jonathan Toews and loses puck.
7:20 of 1st period - Nick Leddy is hit by Madison Bowey.
7:26 of 1st period - Slapshot by Keith Aulie.
7:26 of 1st period - Shot Misses the Net.
7:46 of 1st period - David Backes is hit by Gavin Bayreuther and loses puck.
8:14 of 1st period - Minor Penalty to Gabriel Landeskog for Tripping.
8:15 of 1st period - John Tavares wins face-off versus Andreas Athanasiou in Bruins zone.
9:47 of 1st period - Keith Aulie is hit by Wojtek Wolski and loses puck.
10:14 of 1st period - Penalty to Gabriel Landeskog is over, Gabriel Landeskog is back on ice.
10:14 of 1st period - Torey Krug is hit by Iven Barbashev and loses puck.
10:25 of 1st period - Snap shot by Gavin Bayreuther.
10:25 of 1st period - Deflect By Iven Barbashev.
10:25 of 1st period - Stopped by Kevin Poulin with a rebound.
10:27 of 1st period - Slapshot by Nick Blankenburg.
10:27 of 1st period - Stopped by Kevin Poulin without a rebound.
10:28 of 1st period - Max Reinhart wins face-off versus Jonathan Toews in Bruins zone.
10:33 of 1st period - Snap shot by Marcus Foligno.
10:33 of 1st period - Stopped by Kevin Poulin with a rebound.
10:35 of 1st period - Wrist shot by Brandon Tanev.
10:35 of 1st period - Stopped by Kevin Poulin without a rebound.
10:36 of 1st period - Max Reinhart wins face-off versus Jonathan Toews in Bruins zone.
10:43 of 1st period - Snap shot by Brandon Tanev.
10:43 of 1st period - Stopped by Kevin Poulin with a rebound.
10:45 of 1st period - Wrist shot by Gavin Bayreuther.
10:45 of 1st period - Shot Blocked by Adam Pelech.
10:47 of 1st period - Wrist shot by Marcus Foligno.
10:47 of 1st period - Stopped by Kevin Poulin without a rebound.
10:48 of 1st period - John Tavares wins face-off versus Alexander Wennberg in Bruins zone.
10:49 of 1st period - Snap shot by Jakub Voracek.
10:49 of 1st period - Shot Misses the Net.
11:30 of 1st period - Snap shot by Zack Kassian.
11:30 of 1st period - Deflect By Gabriel Landeskog.
11:30 of 1st period - Stopped by Jeremy Swayman with a rebound.
11:32 of 1st period - Wrist shot by Alexander Wennberg.
11:32 of 1st period - Stopped by Jeremy Swayman without a rebound.
11:33 of 1st period - Jonathan Toews wins face-off versus Mark Scheifele in Penguins zone.
11:39 of 1st period - Wrist shot by Wojtek Wolski.
11:39 of 1st period - Shot Misses the Net.
11:41 of 1st period - Snap shot by David Backes.
11:41 of 1st period - Stopped by Jeremy Swayman with a rebound.
11:43 of 1st period - Slapshot by Josh Manson.
11:43 of 1st period - Stopped by Jeremy Swayman with a rebound.
11:45 of 1st period - Slapshot by Torey Krug.
11:45 of 1st period - Deflect By Jonathan Toews.
11:45 of 1st period - Shot Misses the Net.
11:45 of 1st period - Puck is out of play.
11:46 of 1st period - John Tavares wins face-off versus Jonathan Toews in Penguins zone.
11:58 of 1st period - Keith Aulie is hit by Wojtek Wolski.
12:22 of 1st period - Slapshot by Nick Leddy.
12:22 of 1st period - Stopped by Kevin Poulin without a rebound.
12:23 of 1st period - Sebastian Aho wins face-off versus Alexander Wennberg in Bruins zone.
12:36 of 1st period - Wrist shot by Mark Scheifele.
12:36 of 1st period - Deflect By Jason Demers.
12:36 of 1st period - Stopped by Kevin Poulin without a rebound.
12:37 of 1st period - Alexander Wennberg wins face-off versus Sebastian Aho in Bruins zone.
12:37 of 1st period - Alexander Wennberg is hit by Sebastian Aho.
12:50 of 1st period - Minor Penalty to Alexander Wennberg for Diving.
12:51 of 1st period - Gabriel Landeskog wins face-off versus John Tavares in Bruins zone.
13:03 of 1st period - Jason Demers is hit by Kirill Kaprizov and loses puck.
13:40 of 1st period - Wrist shot by Pavel Zacha.
13:40 of 1st period - Stopped by Kevin Poulin without a rebound.
13:41 of 1st period - John Tavares wins face-off versus Gabriel Landeskog in Bruins zone.
13:42 of 1st period - Slapshot by Jakub Voracek.
13:42 of 1st period - Goal by Jakub Voracek - Penguins : 1 - Bruins : 0.
13:43 of 1st period - John Tavares wins face-off versus Alexander Wennberg in neutral zone.
13:59 of 1st period - Snap shot by Jakub Voracek.
13:59 of 1st period - Shot Blocked by Jason Demers.
14:40 of 1st period - Slapshot by Madison Bowey.
14:40 of 1st period - Shot Blocked by Brandon Tanev.
15:22 of 1st period - Slapshot by Jakub Voracek.
15:22 of 1st period - Stopped by Kevin Poulin with a rebound.
15:24 of 1st period - Wrist shot by Kirill Kaprizov.
15:24 of 1st period - Stopped by Kevin Poulin with a rebound.
15:26 of 1st period - Slapshot by Keith Aulie.
15:26 of 1st period - Shot Misses the Net.
15:50 of 1st period - Wrist shot by Mark Scheifele.
15:50 of 1st period - Goal by Mark Scheifele - Penguins : 2 - Bruins : 0.
15:51 of 1st period - John Tavares wins face-off versus Alexander Wennberg in neutral zone.
16:17 of 1st period - Madison Bowey is hit by Sebastian Aho and loses puck.
16:24 of 1st period - Sebastian Aho is hit by David Backes and loses puck.
16:36 of 1st period - Torey Krug is hit by Nick Blankenburg and loses puck.
16:39 of 1st period - Wrist shot by Andreas Athanasiou.
16:39 of 1st period - Shot Misses the Net.
16:41 of 1st period - Wrist shot by Eric Wellwood.
16:41 of 1st period - Shot Misses the Net.
16:43 of 1st period - Backhand shot by Adam Pelech.
16:43 of 1st period - Shot Blocked by Max Reinhart.
16:45 of 1st period - Snap shot by Eric Wellwood.
16:45 of 1st period - Stopped by Jeremy Swayman with a rebound.
16:47 of 1st period - Wrist shot by Andreas Athanasiou.
16:47 of 1st period - Stopped by Jeremy Swayman with a rebound.
16:49 of 1st period - Snap shot by Eric Wellwood.
16:49 of 1st period - Stopped by Jeremy Swayman with a rebound.
16:55 of 1st period - Minor Penalty to Nick Blankenburg for Tripping.
16:56 of 1st period - Zack Kassian wins face-off versus Max Reinhart in Penguins zone.
17:11 of 1st period - Snap shot by Zack Kassian.
17:11 of 1st period - Shot Blocked by Oscar Klefbom.
17:13 of 1st period - Snap shot by Gabriel Landeskog.
17:13 of 1st period - Stopped by Jeremy Swayman with a rebound.
17:45 of 1st period - Wrist shot by John Tavares.
17:45 of 1st period - Shot Misses the Net.
18:17 of 1st period - Iven Barbashev is hit by Gabriel Landeskog and loses puck.
18:55 of 1st period - Penalty to Nick Blankenburg is over, Nick Blankenburg is back on ice.
Goals for this period are 2 for Penguins vs 0 for Bruins.
Shots for this period are 15 for Penguins vs 10 for Bruins.
2nd period
0:01 of 2nd period - John Tavares wins face-off versus Alexander Wennberg in neutral zone.
0:06 of 2nd period - Wrist shot by John Tavares.
0:06 of 2nd period - Stopped by Kevin Poulin with a rebound.
0:57 of 2nd period - Slapshot by Adam Pelech.
0:57 of 2nd period - Shot Misses the Net.
1:09 of 2nd period - Wrist shot by Mathew Barzal.
1:09 of 2nd period - Shot Misses the Net.
1:11 of 2nd period - Backhand shot by Iven Barbashev.
1:11 of 2nd period - Shot Misses the Net.
1:13 of 2nd period - Wrist shot by Iven Barbashev.
1:13 of 2nd period - Stopped by Kevin Poulin without a rebound.
1:14 of 2nd period - Gabriel Landeskog wins face-off versus Jakub Voracek in Bruins zone.
1:14 of 2nd period - Gabriel Landeskog is hit by Jakub Voracek.
1:51 of 2nd period - Slapshot by Sebastian Aho.
1:51 of 2nd period - Shot Blocked by Torey Krug.
2:15 of 2nd period - Gavin Bayreuther is hit by Torey Krug and loses puck.
3:01 of 2nd period - Icing by Sam Gagner.
3:02 of 2nd period - Sebastian Aho wins face-off versus Jonathan Toews in Penguins zone.
3:38 of 2nd period - Snap shot by Gabriel Landeskog.
3:38 of 2nd period - Stopped by Jeremy Swayman with a rebound.
5:00 of 2nd period - Jason Demers is hit by John Tavares and loses puck.
5:44 of 2nd period - Snap shot by Jonathan Toews.
5:44 of 2nd period - Shot Blocked by Max Reinhart.
6:17 of 2nd period - Icing by Nick Leddy.
6:18 of 2nd period - Kirill Kaprizov wins face-off versus John Quenneville in Penguins zone.
6:25 of 2nd period - Slapshot by John Quenneville.
6:25 of 2nd period - Stopped by Jeremy Swayman with a rebound.
6:49 of 2nd period - Pavel Zacha is hit by Zack Kassian and loses puck.
7:16 of 2nd period - Snap shot by Casey Cizikas.
7:16 of 2nd period - Shot Misses the Net.
7:18 of 2nd period - Minor Penalty to Gavin Bayreuther for Holding.
7:19 of 2nd period - Max Reinhart wins face-off versus Jonathan Toews in Penguins zone.
7:46 of 2nd period - Minor Penalty to David Backes for Hooking.
7:47 of 2nd period - John Tavares wins face-off versus Zack Kassian in Bruins zone.
7:52 of 2nd period - Wrist shot by Jakub Voracek.
7:52 of 2nd period - Shot Misses the Net.
8:28 of 2nd period - Mark Scheifele is hit by Wojtek Wolski and loses puck.
9:18 of 2nd period - Penalty to Gavin Bayreuther is over, Gavin Bayreuther is back on ice.
9:21 of 2nd period - Slapshot by Jason Demers.
9:21 of 2nd period - Shot Misses the Net.
9:39 of 2nd period - Snap shot by Pavel Zacha.
9:39 of 2nd period - Shot Misses the Net.
9:41 of 2nd period - Slapshot by Nick Leddy.
9:41 of 2nd period - Stopped by Kevin Poulin with a rebound.
9:46 of 2nd period - Penalty to David Backes is over, David Backes is back on ice.
10:01 of 2nd period - Zemgus Girgensons is hit by Adam Fox and loses puck.
10:26 of 2nd period - Snap shot by Andreas Athanasiou.
10:26 of 2nd period - Shot Blocked by Mathew Barzal.
10:28 of 2nd period - Slapshot by Casey Cizikas.
10:28 of 2nd period - Shot Misses the Net.
10:43 of 2nd period - Icing by Torey Krug.
10:44 of 2nd period - Kirill Kaprizov wins face-off versus Jonathan Toews in Bruins zone.
11:05 of 2nd period - Wrist shot by Jonathan Toews.
11:05 of 2nd period - Shot Misses the Net.
11:07 of 2nd period - Slapshot by Jonathan Toews.
11:07 of 2nd period - Deflect By David Backes.
11:07 of 2nd period - Stopped by Jeremy Swayman without a rebound.
11:08 of 2nd period - Sebastian Aho wins face-off versus Alexander Wennberg in Penguins zone.
11:08 of 2nd period - Sebastian Aho is hit by Gabriel Landeskog.
11:34 of 2nd period - Nick Leddy is hit by Andreas Athanasiou and loses puck.
12:20 of 2nd period - Slapshot by Zack Kassian.
12:20 of 2nd period - Stopped by Jeremy Swayman with a rebound.
12:22 of 2nd period - Wrist shot by Gabriel Landeskog.
12:22 of 2nd period - Shot Blocked by Sebastian Aho.
12:44 of 2nd period - Snap shot by Mathew Barzal.
12:44 of 2nd period - Shot Blocked by Zemgus Girgensons.
12:46 of 2nd period - Slapshot by Nick Blankenburg.
12:46 of 2nd period - Deflect By Sam Gagner.
12:46 of 2nd period - Stopped by Kevin Poulin without a rebound.
12:47 of 2nd period - Alexander Wennberg wins face-off versus John Tavares in Bruins zone.
12:54 of 2nd period - Snap shot by Gabriel Landeskog.
12:54 of 2nd period - Goal by Gabriel Landeskog - Penguins : 2 - Bruins : 1.
12:55 of 2nd period - Alexander Wennberg wins face-off versus John Tavares in neutral zone.
13:26 of 2nd period - Snap shot by Mark Scheifele.
13:26 of 2nd period - Stopped by Kevin Poulin without a rebound.
13:27 of 2nd period - Sebastian Aho wins face-off versus Jonathan Toews in Bruins zone.
13:30 of 2nd period - Wrist shot by Sebastian Aho.
13:30 of 2nd period - Goal by Sebastian Aho - Penguins : 3 - Bruins : 1.
13:31 of 2nd period - Alexander Wennberg wins face-off versus John Tavares in neutral zone.
13:34 of 2nd period - Slapshot by Jason Demers.
13:34 of 2nd period - Stopped by Jeremy Swayman with a rebound.
13:36 of 2nd period - Snap shot by Madison Bowey.
13:36 of 2nd period - Shot Misses the Net.
13:38 of 2nd period - Slapshot by Alexander Wennberg.
13:38 of 2nd period - Stopped by Jeremy Swayman with a rebound.
13:40 of 2nd period - Slapshot by Madison Bowey.
13:40 of 2nd period - Stopped by Jeremy Swayman with a rebound.
13:42 of 2nd period - Wrist shot by Gabriel Landeskog.
13:42 of 2nd period - Shot Misses the Net.
13:44 of 2nd period - Wrist shot by Gabriel Landeskog.
13:44 of 2nd period - Stopped by Jeremy Swayman with a rebound.
13:48 of 2nd period - Snap shot by Alexander Wennberg.
13:48 of 2nd period - Deflect By Gabriel Landeskog.
13:48 of 2nd period - Stopped by Jeremy Swayman without a rebound.
13:49 of 2nd period - Sebastian Aho wins face-off versus Jonathan Toews in Penguins zone.
13:51 of 2nd period - Minor Penalty to Mark Scheifele for High sticking.
13:52 of 2nd period - Jonathan Toews wins face-off versus Max Reinhart in Penguins zone.
14:28 of 2nd period - Snap shot by Wojtek Wolski.
14:28 of 2nd period - Shot Misses the Net.
15:51 of 2nd period - Penalty to Mark Scheifele is over, Mark Scheifele is back on ice.
16:01 of 2nd period - Icing by Mark Scheifele.
16:02 of 2nd period - Casey Cizikas wins face-off versus Sebastian Aho in Penguins zone.
16:50 of 2nd period - Minor Penalty to Adam Pelech for Slashing.
16:51 of 2nd period - John Tavares wins face-off versus Gabriel Landeskog in Bruins zone.
16:56 of 2nd period - Snap shot by John Tavares.
16:56 of 2nd period - Stopped by Kevin Poulin with a rebound.
16:58 of 2nd period - Wrist shot by John Tavares.
16:58 of 2nd period - Shot Misses the Net.
17:00 of 2nd period - Slapshot by Kirill Kaprizov.
17:00 of 2nd period - Shot Blocked by Gabriel Landeskog.
17:02 of 2nd period - Snap shot by Jakub Voracek.
17:02 of 2nd period - Shot Blocked by Madison Bowey.
17:28 of 2nd period - Wrist shot by Jakub Voracek.
17:28 of 2nd period - Stopped by Kevin Poulin with a rebound.
17:30 of 2nd period - Wrist shot by Kirill Kaprizov.
17:30 of 2nd period - Stopped by Kevin Poulin with a rebound.
17:32 of 2nd period - Slapshot by Adam Fox.
17:32 of 2nd period - Stopped by Kevin Poulin with a rebound.
18:14 of 2nd period - Snap shot by John Tavares.
18:14 of 2nd period - Deflect By Kirill Kaprizov.
18:14 of 2nd period - Deflect By Wojtek Wolski.
18:14 of 2nd period - Shot Misses the Net.
18:14 of 2nd period - Puck is out of play.
18:15 of 2nd period - Gabriel Landeskog wins face-off versus Sebastian Aho in Bruins zone.
18:32 of 2nd period - Slapshot by Keith Aulie.
18:32 of 2nd period - Stopped by Kevin Poulin without a rebound.
18:33 of 2nd period - Sebastian Aho wins face-off versus Gabriel Landeskog in Bruins zone.
18:38 of 2nd period - Slapshot by Sebastian Aho.
18:38 of 2nd period - Shot Blocked by Gabriel Landeskog.
18:44 of 2nd period - Snap shot by Sebastian Aho.
18:44 of 2nd period - Stopped by Kevin Poulin without a rebound.
18:45 of 2nd period - Zack Kassian wins face-off versus Sebastian Aho in Bruins zone.
18:45 of 2nd period - Zack Kassian is hit by Nick Leddy.
18:50 of 2nd period - Penalty to Adam Pelech is over, Adam Pelech is back on ice.
19:28 of 2nd period - Icing by Max Reinhart.
19:29 of 2nd period - Casey Cizikas wins face-off versus Max Reinhart in Penguins zone.
19:32 of 2nd period - Snap shot by Gabriel Landeskog.
19:32 of 2nd period - Shot Misses the Net.
19:33 of 2nd period - Minor Penalty to Zack Kassian for Interference.
19:34 of 2nd period - Gabriel Landeskog wins face-off versus John Tavares in Bruins zone.
19:39 of 2nd period - Gabriel Landeskog is hit by John Tavares and loses puck.
Goals for this period are 1 for Penguins vs 1 for Bruins.
Shots for this period are 12 for Penguins vs 10 for Bruins.
3rd period
0:01 of 3rd period - John Tavares wins face-off versus Gabriel Landeskog in neutral zone.
0:26 of 3rd period - Jason Demers is hit by Pavel Zacha and loses puck.
1:33 of 3rd period - Penalty to Zack Kassian is over, Zack Kassian is back on ice.
1:49 of 3rd period - Slapshot by Zack Kassian.
1:49 of 3rd period - Deflect By Gavin Bayreuther.
1:49 of 3rd period - Shot Misses the Net.
1:49 of 3rd period - Puck is out of play.
1:50 of 3rd period - Iven Barbashev wins face-off versus John Quenneville in Penguins zone.
2:46 of 3rd period - Slapshot by Gavin Bayreuther.
2:46 of 3rd period - Shot Blocked by David Backes.
2:48 of 3rd period - Slapshot by Gavin Bayreuther.
2:48 of 3rd period - Shot Misses the Net.
2:50 of 3rd period - Snap shot by Kirill Kaprizov.
2:50 of 3rd period - Stopped by Kevin Poulin without a rebound.
2:51 of 3rd period - Sebastian Aho wins face-off versus Alexander Wennberg in Bruins zone.
2:54 of 3rd period - Wrist shot by Sebastian Aho.
2:54 of 3rd period - Deflect By Mark Scheifele.
2:54 of 3rd period - Goal by Mark Scheifele - Penguins : 4 - Bruins : 1.
2:55 of 3rd period - Alexander Wennberg wins face-off versus John Tavares in neutral zone.
3:00 of 3rd period - Adam Fox is hit by Zack Kassian and loses puck.
3:16 of 3rd period - Minor Penalty to Kirill Kaprizov for Interference.
3:17 of 3rd period - Jonathan Toews wins face-off versus Max Reinhart in Penguins zone.
3:17 of 3rd period - Snap shot by Gabriel Landeskog.
3:17 of 3rd period - Shot Blocked by Max Reinhart.
3:19 of 3rd period - Wrist shot by Jonathan Toews.
3:19 of 3rd period - Stopped by Jeremy Swayman with a rebound.
3:21 of 3rd period - Slapshot by Jason Demers.
3:21 of 3rd period - Stopped by Jeremy Swayman with a rebound.
3:23 of 3rd period - Snap shot by Madison Bowey.
3:23 of 3rd period - Stopped by Jeremy Swayman with a rebound.
3:27 of 3rd period - Snap shot by Gabriel Landeskog.
3:27 of 3rd period - Stopped by Jeremy Swayman with a rebound.
3:29 of 3rd period - Slapshot by Jason Demers.
3:29 of 3rd period - Stopped by Jeremy Swayman without a rebound.
3:30 of 3rd period - Jonathan Toews wins face-off versus Max Reinhart in Penguins zone.
5:16 of 3rd period - Penalty to Kirill Kaprizov is over, Kirill Kaprizov is back on ice.
5:53 of 3rd period - Wrist shot by Casey Cizikas.
5:53 of 3rd period - Shot Misses the Net.
5:55 of 3rd period - Snap shot by Adam Pelech.
5:55 of 3rd period - Stopped by Jeremy Swayman without a rebound.
5:56 of 3rd period - John Quenneville wins face-off versus Sebastian Aho in Penguins zone.
6:05 of 3rd period - Slapshot by Brett Pesce.
6:05 of 3rd period - Stopped by Jeremy Swayman without a rebound.
6:06 of 3rd period - John Quenneville wins face-off versus Sebastian Aho in Penguins zone.
6:09 of 3rd period - Slapshot by Zemgus Girgensons.
6:09 of 3rd period - Stopped by Jeremy Swayman with a rebound.
6:18 of 3rd period - Minor Penalty to Pavel Zacha for Roughing.
6:19 of 3rd period - Max Reinhart wins face-off versus Gabriel Landeskog in Penguins zone.
7:28 of 3rd period - Icing by Zack Kassian.
7:29 of 3rd period - John Tavares wins face-off versus Alexander Wennberg in Bruins zone.
7:40 of 3rd period - Snap shot by Wojtek Wolski.
7:40 of 3rd period - Shot Misses the Net.
7:42 of 3rd period - Backhand shot by Alexander Wennberg.
7:42 of 3rd period - Shot Blocked by Iven Barbashev.
7:54 of 3rd period - Jonathan Toews is hit by Marcus Foligno and loses puck.
8:07 of 3rd period - David Backes is hit by Marcus Foligno and loses puck.
8:18 of 3rd period - Penalty to Pavel Zacha is over, Pavel Zacha is back on ice.
8:21 of 3rd period - Icing by Keith Aulie.
8:22 of 3rd period - Sebastian Aho wins face-off versus Casey Cizikas in Penguins zone.
8:22 of 3rd period - Sebastian Aho is hit by Adam Pelech.
8:25 of 3rd period - Icing by Nick Blankenburg.
8:26 of 3rd period - Sebastian Aho wins face-off versus Casey Cizikas in Penguins zone.
9:19 of 3rd period - Andreas Athanasiou is hit by Mark Scheifele and loses puck.
9:36 of 3rd period - Snap shot by Pavel Zacha.
9:36 of 3rd period - Shot Misses the Net.
9:38 of 3rd period - Wrist shot by Pavel Zacha.
9:38 of 3rd period - Stopped by Kevin Poulin with a rebound.
9:40 of 3rd period - Slapshot by Nick Blankenburg.
9:40 of 3rd period - Shot Blocked by Adam Pelech.
9:42 of 3rd period - Wrist shot by Pavel Zacha.
9:42 of 3rd period - Shot Blocked by Adam Pelech.
9:44 of 3rd period - Wrist shot by Mark Scheifele.
9:44 of 3rd period - Shot Misses the Net.
9:46 of 3rd period - Slapshot by Gavin Bayreuther.
9:46 of 3rd period - Shot Blocked by Eric Wellwood.
9:48 of 3rd period - Wrist shot by Nick Blankenburg.
9:48 of 3rd period - Shot Blocked by Adam Pelech.
9:50 of 3rd period - Slapshot by Gavin Bayreuther.
9:50 of 3rd period - Shot Blocked by Eric Wellwood.
9:52 of 3rd period - Slapshot by Nick Blankenburg.
9:52 of 3rd period - Shot Blocked by Brett Pesce.
9:54 of 3rd period - Snap shot by Mark Scheifele.
9:54 of 3rd period - Shot Misses the Net.
9:56 of 3rd period - Wrist shot by Pavel Zacha.
9:56 of 3rd period - Stopped by Kevin Poulin with a rebound.
9:58 of 3rd period - Backhand shot by Gavin Bayreuther.
9:58 of 3rd period - Stopped by Kevin Poulin without a rebound.
9:59 of 3rd period - Alexander Wennberg wins face-off versus John Tavares in Bruins zone.
10:55 of 3rd period - Alexander Wennberg is hit by Iven Barbashev and loses puck.
11:24 of 3rd period - Wrist shot by Zack Kassian.
11:24 of 3rd period - Stopped by Jeremy Swayman with a rebound.
11:26 of 3rd period - Wrist shot by Jason Demers.
11:26 of 3rd period - Stopped by Jeremy Swayman with a rebound.
11:28 of 3rd period - Slapshot by Zack Kassian.
11:28 of 3rd period - Stopped by Jeremy Swayman with a rebound.
11:30 of 3rd period - Snap shot by Gabriel Landeskog.
11:30 of 3rd period - Stopped by Jeremy Swayman with a rebound.
11:32 of 3rd period - Slapshot by Madison Bowey.
11:32 of 3rd period - Stopped by Jeremy Swayman with a rebound.
11:34 of 3rd period - Slapshot by Madison Bowey.
11:34 of 3rd period - Deflect By Gabriel Landeskog.
11:34 of 3rd period - Stopped by Jeremy Swayman without a rebound.
11:35 of 3rd period - Jonathan Toews wins face-off versus John Tavares in Penguins zone.
11:48 of 3rd period - Snap shot by Wojtek Wolski.
11:48 of 3rd period - Stopped by Jeremy Swayman with a rebound.
12:29 of 3rd period - Backhand shot by Mark Scheifele.
12:29 of 3rd period - Stopped by Kevin Poulin without a rebound.
12:30 of 3rd period - Sebastian Aho wins face-off versus David Backes in Bruins zone.
12:36 of 3rd period - Icing by Adam Pelech.
12:37 of 3rd period - John Tavares wins face-off versus Jonathan Toews in Bruins zone.
13:17 of 3rd period - Icing by Brett Pesce.
13:18 of 3rd period - Casey Cizikas wins face-off versus Kirill Kaprizov in Bruins zone.
13:25 of 3rd period - Jakub Voracek is hit by Adam Pelech and loses puck.
14:01 of 3rd period - Wrist shot by Casey Cizikas.
14:01 of 3rd period - Stopped by Jeremy Swayman without a rebound.
14:02 of 3rd period - John Tavares wins face-off versus Alexander Wennberg in Penguins zone.
14:28 of 3rd period - Mark Scheifele is hit by Madison Bowey and loses puck.
14:32 of 3rd period - Adam Fox is hit by David Backes and loses puck.
14:37 of 3rd period - Slapshot by Keith Aulie.
14:37 of 3rd period - Stopped by Kevin Poulin with a rebound.
14:39 of 3rd period - Wrist shot by Sebastian Aho.
14:39 of 3rd period - Stopped by Kevin Poulin without a rebound.
14:40 of 3rd period - Gabriel Landeskog wins face-off versus John Tavares in Bruins zone.
14:47 of 3rd period - John Tavares is hit by Josh Manson and loses puck.
15:39 of 3rd period - Wrist shot by Mathew Barzal.
15:39 of 3rd period - Stopped by Kevin Poulin with a rebound.
15:41 of 3rd period - Snap shot by Sam Gagner.
15:41 of 3rd period - Shot Misses the Net.
16:15 of 3rd period - Snap shot by Jonathan Toews.
16:15 of 3rd period - Shot Misses the Net.
16:17 of 3rd period - Wrist shot by Wojtek Wolski.
16:17 of 3rd period - Shot Misses the Net.
16:19 of 3rd period - Slapshot by Josh Manson.
16:19 of 3rd period - Stopped by Jeremy Swayman with a rebound.
16:40 of 3rd period - Snap shot by Mark Scheifele.
16:40 of 3rd period - Shot Misses the Net.
16:42 of 3rd period - Snap shot by Nick Leddy.
16:42 of 3rd period - Shot Misses the Net.
16:44 of 3rd period - Snap shot by Nick Leddy.
16:44 of 3rd period - Shot Misses the Net.
16:58 of 3rd period - Snap shot by Sam Gagner.
16:58 of 3rd period - Stopped by Kevin Poulin with a rebound.
17:00 of 3rd period - Snap shot by Sam Gagner.
17:00 of 3rd period - Stopped by Kevin Poulin with a rebound.
17:02 of 3rd period - Wrist shot by Mathew Barzal.
17:02 of 3rd period - Shot Blocked by Madison Bowey.
17:04 of 3rd period - Snap shot by Iven Barbashev.
17:04 of 3rd period - Deflect By Mathew Barzal.
17:04 of 3rd period - Goal by Mathew Barzal - Penguins : 5 - Bruins : 1.
17:05 of 3rd period - John Tavares wins face-off versus Alexander Wennberg in neutral zone.
17:16 of 3rd period - Snap shot by John Tavares.
17:16 of 3rd period - Stopped by Kevin Poulin without a rebound.
17:17 of 3rd period - Alexander Wennberg wins face-off versus John Tavares in Bruins zone.
18:14 of 3rd period - Slapshot by Madison Bowey.
18:14 of 3rd period - Deflect By Marcus Foligno.
18:14 of 3rd period - Stopped by Jeremy Swayman with a rebound.
18:46 of 3rd period - Slapshot by Sam Gagner.
18:46 of 3rd period - Shot Blocked by Torey Krug.
19:20 of 3rd period - Alexander Wennberg is hit by Sebastian Aho.
19:24 of 3rd period - Wrist shot by Gabriel Landeskog.
19:24 of 3rd period - Stopped by Jeremy Swayman without a rebound.
19:25 of 3rd period - Jonathan Toews wins face-off versus Sebastian Aho in Penguins zone.
19:50 of 3rd period - Casey Cizikas is hit by Pavel Zacha and loses puck.
Goals for this period are 2 for Penguins vs 0 for Bruins.
Shots for this period are 13 for Penguins vs 19 for Bruins.